 Dungeon Crawl Stone Soup version 0.26-a0-652-gafc20e3620 (webtiles) character file.

Game seed: 7316419228432367405

13542 grandjackal the Geomancer (level 12, -9/86 HPs)
             Began as an Octopode Earth Elementalist on Oct 2, 2020.
             Was an Elder of Vehumet.
             Killed from afar by a crystal guardian (61 damage)
             ... with a crystal bolt
             ... on level 12 of the Dungeon.
             The game lasted 00:30:01 (17773 turns).

grandjackal the Geomancer (OpEE)                   Turns: 17773, Time: 00:30:02

Health: -9/86      AC:  2    Str:  8    XL:     12   Next: 7%
Magic:  5/15       EV: 14    Int: 21    God:    Vehumet [****..]
Gold:   615        SH: 12    Dex: 13    Spells: 0/15 levels left

rFire    . . .     SeeInvis .   n - +2 dagger (venom)
rCold    . . .     Faith    .   h - +2 buckler
rNeg     + . .     Spirit   .   u - +1 hat
rPois    .         Reflect  +   v - amulet of reflection
rElec    .         Harm     .   t - ring of positive energy
rCorr    .         Rampage  .   (no ring)
MR       .....                  (no ring)
Stlth    +++++.....             (no ring)
HPRegen  0.24/turn              (no ring)
MPRegen  0.14/turn              (no ring)
                                (no ring)
                                (no ring)

@: no status effects
A: almost no armour, stealthy swim, amphibious, 8 rings, constrict 8, camouflage
1, gelatinous body 1
a: Renounce Religion


You were on level 12 of the Dungeon.
You worshipped Vehumet.
Vehumet was greatly pleased with you.
You visited 2 branches of the dungeon, and saw 13 of its levels.
You also visited: Ossuary.

You collected 699 gold pieces.
You spent 84 gold pieces at shops.

Inventory:

Hand Weapons
 n - a +2 dagger of venom (weapon)
Missiles
 b - 303 stones (quivered)
Armour
 h - a +2 buckler (worn)
 u - a +1 hat (worn)
Jewellery
 i - an uncursed amulet of guardian spirit {unknown}
 t - a ring of positive energy (left tentacle)
 v - an amulet of reflection (around mantle)
 J - a +4 ring of slaying
Wands
 j - a wand of acid (22)
 q - a wand of random effects (22)
 r - a wand of paralysis (10)
 w - a wand of flame (9)
 x - a wand of iceblast (15)
 y - a wand of disintegration (8)
 B - a wand of polymorph (5)
Scrolls
 a - 4 scrolls of amnesia
 c - 6 scrolls of remove curse
 d - 4 scrolls of fear
 e - 3 scrolls of magic mapping
 g - a scroll of identify
 k - 3 scrolls of enchant weapon {unknown}
 l - 4 scrolls of enchant armour {unknown}
 o - 11 scrolls of teleportation
 s - a scroll of fog {unknown}
 G - a scroll of immolation {unknown}
Potions
 f - 3 potions of resistance
 m - 5 potions of stabbing
 p - a potion of flight
 z - a potion of brilliance
 A - a potion of magic
 D - a potion of cancellation
 E - 2 potions of invisibility
 F - a potion of ambrosia {unknown}
 I - 2 potions of heal wounds
Miscellaneous
 C - a condenser vane (1/2)


   Skills:
 + Level 9.6 Fighting
 - Level 2.4 Dodging
 - Level 6.0 Stealth
 - Level 4.0 Shields
 - Level 2.1 Spellcasting
 + Level 7.5 Conjurations
 + Level 9.5 Transmutations
 + Level 10.1 Earth Magic


You couldn't memorise any spells.
You knew the following spells:

 Your Spells              Type           Power        Failure   Level
a - Sandblast             Erth           #####.       1%          1
b - Passwall              Tmut/Erth      #####...     1%          2
c - Stone Arrow           Conj/Erth      #####.       1%          3
d - Petrify               Tmut/Erth      #####...     2%          4
e - Lee's Rapid Deconstr  Erth           #####.....   1%          5

Your spell library contained the following spells:

 Spells                   Type           Power        Failure   Level
 Iskenderun's Battlesphe  Conj           ####....     5%          5
 Apportation              Tloc           #.....       14%         1
 Lesser Beckoning         Tloc           #.........   41%         3
 Tukima's Dance           Hex            #.......     41%         3
 Alistair's Intoxication  Tmut/Pois      ###......    50%         5
 Invisibility             Hex            #.......     100%        6


Dungeon Overview and Level Annotations

Branches:
Dungeon (12/15)            Temple (1/1) D:4            Lair (0/6) D:9
    Orc (0/2) D:10        Ossuary (visited)

Altars:
Ashenzari
Cheibriados
Dithmenos
Fedhas
Gozag
Kikubaaqudgha
Nemelex Xobeh
Okawaru
Qazlal
Sif Muna
Trog
Vehumet
Wu Jian
Xom
Yredelemnul
Zin
The Shining One

Shops:
D:4 (   D:7 (   D:8 *   D:9 [

Annotations:
D:5 1 runed translucent door, jfcaron's ghost, weakling PaDe


Innate Abilities, Weirdness & Mutations

You cannot wear most types of armour.
You are very stealthy in the water. (Stealth+)
You are amphibious.
You can wear up to eight rings at the same time.
You can use your tentacles to constrict eight enemies at once.
Your skin changes colour to match your surroundings (Stealth+).
Your rubbery body absorbs attacks. (AC +1, EV +1)


Message History

Aiming: Lee's Rapid Deconstruction (dangerous; 1% risk of failure)
Press: ? - help, Dir - move target cursor, f - crystal guardian Fragment what (e.g. wall or brittle monster)?: a crystal guardian (wandering, hasn't noticed you)
The crystal guardian shatters!!
The crystal guardian is heavily damaged.
The blast of crystal shards hits the crystal guardian but does no damage.
Unknown command.
Unknown command.
Casting: Lee's Rapid Deconstruction (dangerous; 1% risk of failure)
Confirm with . or Enter, or press ? or * to list all spells.
Aiming: Lee's Rapid Deconstruction (dangerous; 1% risk of failure)
Press: ? - help, Dir - move target cursor, f/p - crystal guardian Fragment what (e.g. wall or brittle monster)?: a crystal guardian (heavily damaged)
The crystal guardian shatters!!
The crystal guardian is almost destroyed.
The blast of crystal shards hits the crystal guardian but does no damage.
The crystal guardian fires a crystalline bolt at you.
The crystal bolt freezes you!! The crystal bolt freezes you!!!
Ouch! That really hurt!
You die...

...## #..≈#)(.......#
....# #..≈#[..|.?...#
.....####..≈#($.$....)#
.....+.....≈#...8.:.).#
.....####..≈#.:?$.8.$.#
....## #..≈# ..../..
...## ###≈# ##'## ..##
#≈#####○#####≈ +##
#≈≈≈≈≈@≈≈≈≈≈≈≈# .#
###.#######..## .# #.#
.# .######## #.#
........# #.#
...####.#####.#
..#.......8...#
....###.####### .####
#.#


You could see 2 crystal guardians.

Vanquished Creatures
  Harold (D:8)
  A centaur warrior (D:11)
  A two-headed ogre (D:11)
  An orange crystal statue (D:12)
  3 ugly things (D:11)
  A gargoyle (D:9)
  A troll (D:11)
  Grinder (D:6)
  3 hippogriffs
  9 yaks
  A wyvern (D:11)
  Sigmund (D:6)
  A basilisk (D:12)
  A water moccasin (D:6)
  Edmund (D:5)
  2 porcupines (D:9)
  2 phantoms
  5 sky beasts
  2 black bears
  A hornet zombie (D:8)
  2 ice beasts (D:9)
  8 orc warriors
  A necrophage (D:8)
  6 ogres
  10 centaurs
  2 big kobolds (D:8)
  6 bullfrogs
  A wyvern zombie (D:11)
  A wyvern skeleton (D:7)
  7 water moccasin zombies (Ossuary)
  5 scorpions
  8 killer bees
  10 wights
  A centaur zombie (D:12)
  A howler monkey (D:10)
  A bullfrog zombie (D:11)
  4 hounds
  A quasit (D:7)
  A jelly (D:9)
  5 orc priests
  2 bullfrog skeletons (D:7)
  An iguana (D:5)
  6 orc wizards
  12 worker ants
  2 big kobold zombies (Ossuary)
  2 mummies (Ossuary)
  A worker ant zombie (D:11)
  Robin (D:4)
  10 adders
  3 shadow imps
  2 white imps
  3 ufetubi
  An ooze (D:1)
  5 adder zombies (Ossuary)
  An adder skeleton (D:9)
  5 worms
  3 dart slugs
  2 leopard geckos
  37 orcs
  4 bats
  5 giant cockroaches
  13 goblins
  7 hobgoblins
  4 jackals
  19 kobolds
  5 quokkas
  2 ball pythons
  6 frilled lizards
  3 gnoll zombies (Ossuary)
  2 hobgoblin zombies (Ossuary)
  3 kobold zombies (Ossuary)
  6 orc zombies (Ossuary)
  10 rats
308 creatures vanquished.

Vanquished Creatures (others)
  8 fungi (D:9)
  7 plants (D:9)
15 creatures vanquished.

Grand Total: 323 creatures vanquished

Notes
Turn   | Place    | Note
-------+----------+-------------------------------------------
     0 | D:1      | grandjackal the Octopode Earth Elementalist began the quest
                  | for the Orb.
     0 | D:1      | Reached XP level 1. HP: 11/11 MP: 3/3
   230 | D:1      | Reached XP level 2. HP: 10/18 MP: 5/5
   993 | D:1      | Reached skill level 1 in Fighting
   993 | D:1      | Reached XP level 3. HP: 13/23 MP: 6/6
  2319 | D:2      | Learned a level 2 spell: Passwall
  2413 | D:3      | Reached XP level 4. HP: 18/28 MP: 7/7
  2593 | D:3      | Reached skill level 1 in Shields
  3388 | D:3      | Learned a level 3 spell: Stone Arrow
  3522 | D:4      | Found Hesil's Weapon Shop.
  3657 | D:4      | Reached XP level 5. HP: 34/34 MP: 8/8
  3720 | D:4      | Found a sand-covered staircase.
  3765 | Ossuary  | Entered an ossuary
  3792 | Ossuary  | Reached skill level 4 in Earth Magic
  3801 | Ossuary  | Reached XP level 6. HP: 13/41 MP: 9/9
  4590 | Ossuary  | Reached XP level 7. HP: 39/46 MP: 10/10
  5004 | D:4      | Learned a level 4 spell: Petrify
  5043 | D:4      | Noticed Robin
  5056 | D:4      | Killed Robin
  5306 | D:4      | Found a staircase to the Ecumenical Temple.
  5377 | Temple   | Entered the Ecumenical Temple
  5391 | Temple   | Became a worshipper of Vehumet
  5744 | D:4      | Found an ornate altar of the Wu Jian Council.
  5762 | D:4      | Reached skill level 5 in Earth Magic
  5972 | D:4      | Noticed a moth of wrath
  5975 | D:4      | Found a bloodstained altar of Trog.
  6260 | D:5      | Entered Level 5 of the Dungeon
  6474 | D:5      | Found a blossoming altar of Fedhas.
  6515 | D:5      | Noticed jfcaron's ghost (weakling PaDe)
  6956 | D:5      | Noticed Edmund
  6988 | D:5      | Killed Edmund
  6988 | D:5      | Reached XP level 8. HP: 30/54 MP: 11/11
  7201 | D:5      | Found a runed translucent door.
  7563 | D:6      | Noticed Grinder
  7609 | D:6      | Killed Grinder
  7990 | D:6      | Reached skill level 6 in Earth Magic
  8038 | D:6      | Reached skill level 5 in Fighting
  8096 | D:6      | Found a snail-covered altar of Cheibriados.
  8128 | D:6      | Reached skill level 5 in Stealth
  8128 | D:6      | Reached skill level 5 in Transmutations
  8288 | D:6      | Reached XP level 9. HP: 43/61 MP: 8/12
  8580 | D:6      | Noticed Sigmund
  8591 | D:6      | Killed Sigmund
  8926 | D:7      | Reached * piety under Vehumet
  8926 | D:7      | Offered knowledge of Shock by Vehumet.
  9237 | D:7      | Found a shimmering altar of Xom.
  9253 | D:7      | Found an iron altar of Okawaru.
  9274 | D:7      | Reached skill level 1 in Conjurations
  9368 | D:7      | Reached skill level 7 in Earth Magic
 10368 | D:7      | Found Pith's Antique Weapon Shoppe.
 10586 | D:8      | Found Kov Jil's Assorted Antiques.
 10600 | D:8      | Offered knowledge of Magic Dart by Vehumet.
 10601 | D:8      | Reached ** piety under Vehumet
 10637 | D:8      | Bought a scroll labeled EFUPTIZEZOUT for 28 gold pieces
 10637 | D:8      | Bought a scroll labeled WEALASAROK for 28 gold pieces
 10637 | D:8      | Bought a scroll labeled LAATICAWAO for 28 gold pieces
 11024 | D:8      | Reached XP level 10. HP: 65/69 MP: 13/13
 11070 | D:8      | Noticed Harold
 11098 | D:8      | Killed Harold
 11113 | D:8      | Reached skill level 8 in Earth Magic
 12247 | D:9      | Noticed a gargoyle
 12393 | D:9      | Found Huylun's Antique Armour Shop.
 12873 | D:9      | Found a sparkling altar of Nemelex Xobeh.
 12920 | D:9      | Offered knowledge of Searing Ray by Vehumet.
 12920 | D:9      | Reached skill level 5 in Conjurations
 13023 | D:9      | Killed a gargoyle
 13227 | D:9      | Found an ancient bone altar of Kikubaaqudgha.
 13246 | D:9      | Reached *** piety under Vehumet
 13410 | D:9      | Found a staircase to the Lair.
 13420 | D:9      | Reached XP level 11. HP: 53/77 MP: 14/14
 13754 | D:10     | Entered Level 10 of the Dungeon
 13928 | D:10     | Reached skill level 9 in Earth Magic
 13944 | D:10     | Found a staircase to the Orcish Mines.
 13952 | D:10     | Offered knowledge of Olgreb's Toxic Radiance by Vehumet.
 14492 | D:10     | Found a broken altar of Ashenzari.
 14502 | D:10     | Reached **** piety under Vehumet
 14826 | D:11     | Noticed a cyan ugly thing
 14846 | D:11     | Killed a cyan ugly thing
 15232 | D:11     | Noticed a centaur warrior
 15247 | D:11     | Killed a centaur warrior
 15471 | D:11     | Offered knowledge of Iskenderun's Battlesphere by Vehumet.
 15486 | D:11     | Noticed a two-headed ogre
 15669 | D:11     | Killed a two-headed ogre
 16149 | D:11     | Noticed a green ugly thing
 16176 | D:11     | Killed a green ugly thing
 16392 | D:11     | Noticed a green ugly thing
 16416 | D:11     | Killed a green ugly thing
 16416 | D:11     | Reached skill level 10 in Earth Magic
 16733 | D:11     | Found a basalt altar of Yredelemnul.
 17159 | D:11     | Reached XP level 12. HP: 72/86 MP: 15/15
 17382 | D:11     | Learned a level 5 spell: Lee's Rapid Deconstruction
 17472 | D:12     | Found a runed translucent door.
 17478 | D:12     | Noticed a crystal guardian
 17478 | D:12     | Noticed a crystal guardian
 17773 | D:12     | Killed from afar by a crystal guardian

Illustrated notes

Levels and vault maps discovered:
D:1:      ncdulo_lavacross, layout_loops_ring
D:2:      layout_loops_ring
D:3:      layout_rooms, minivault_27, minmay_misc_feat_alley
D:4:      layout_loops_ring, old_standard_altar, tgw_trog,
          minmay_temple_entry_arrows, serial_shops, kennysheep_little_box,
          nicolae_ossuary_entry_plus, uniq_robin
D:5:      layout_layer_cave, lemuel_crystal_altar,
          hellmonk_ghost_happy_afterlife, uniq_edmund
D:6:      layout_basic, nicolae_overflow_crystal_walls, uniq_sigmund,
          uniq_grinder
D:7:      layout_loops_ring, okawaru_trees_1, kennysheep_mini, serial_shops,
          shop
D:8:      layout_loops_ring, serial_shops, shop, minmay_increasing_density,
          uniq_harold
D:9:      layout_small_grid, lemuel_crystal_altar, kiku_gazebo_pond_becter,
          grunt_lair_entry_orc_guard_hut, serial_shops, shop
D:10:     layout_rooms, david_orc_3, evilmike_ruin_ashenzari
D:11:     layout_cave_pods, yredelemnul_altar_generic
D:12:     layout_loops_corners, minmay_crystal_box
Temple:   nicolae_temple_great_sept

Skill      XL: |  1  2  3  4  5  6  7  8  9 10 11 |
---------------+----------------------------------+-----
Stealth        | 3 5 6 |  6.0
Fighting       | 1 2 3 4 5 6 8 9 |  9.6
Shields        | 1 2 3 4 |  4.0
Transmutations | 2 3 4 5 6 8 9 |  9.5
Earth Magic    | 4 5 6 7 8 10 | 10.1
Conjurations   | 3 5 7 |  7.5
Dodging        | |  2.4
Spellcasting   | |  2.1

Action                   |  1- 3 |  4- 6 |  7- 9 | 10-12 || total
-------------------------+-------+-------+-------+-------++-------
Melee: Unarmed           |   103 |     4 |       |       ||   107
       Constrict         |    33 |    39 |    73 |    46 ||   191
       Tentacles         |    11 |    24 |    62 |    63 ||   160
       Dagger            |       |   142 |   341 |   316 ||   799
 Cast: Sandblast         |     3 |     4 |    21 |    34 ||    62
       Passwall          |       |       |     9 |    12 ||    21
       Petrify           |       |       |     1 |    25 ||    26
       Stone Arrow       |       |       |       |    31 ||    31
       Lee's Rapid Decon |       |       |       |     5 ||     5
Evoke: Wand              |       |       |       |    10 ||    10
       Condenser vane    |       |       |       |     1 ||     1
  Use: Potion            |       |     3 |       |     6 ||     9
       Scroll            |       |       |     6 |    12 ||    18
 Stab: Sleeping          |    12 |     6 |    17 |    13 ||    48
       Petrified         |       |       |     4 |    52 ||    56
       Petrifying        |       |       |       |     3 ||     3
Armor: Skin              |    18 |     5 |    26 |    13 ||    62
Dodge: Dodged            |    72 |    84 |   171 |   132 ||   459
Block: Buckler           |       |       |    96 |   163 ||   259
       Reflection        |       |       |     3 |     8 ||    11

Table legend: (Time is in decaauts)
 A = Elapsed time spent in this place.
 B = Non-inter-level travel time spent in this place.
 C = Inter-level travel time spent in this place.
 D = Time resting spent in this place.
 E = Time spent auto-exploring this place.
 F = Levels seen in this place.
 G = Mean time per level.
                   A        B        C        D        E       F      G
               +--------+--------+--------+--------+--------+-----+--------+
         Total |  17763 |  17523 |    240 |   8497 |   5687 |  14 | 1268.8 |
       Dungeon |  16505 |  16275 |    230 |   7506 |   5685 |  12 | 1375.4 |
        Temple |     24 |     14 |     10 |      0 |      0 |   1 |   24.0 |
       Ossuary |   1233 |   1233 |      0 |    991 |      2 |   1 | 1233.0 |
               +--------+--------+--------+--------+--------+-----+--------+

Top non-repeatable levels by time:
    D:11: 2687 daAuts
     D:6: 1775 daAuts
     D:9: 1685 daAuts
     D:8: 1645 daAuts
     D:4: 1596 daAuts
     D:7: 1457 daAuts
     D:1: 1380 daAuts
 Ossuary: 1233 daAuts
     D:5: 1093 daAuts
     D:3: 1086 daAuts
     D:2: 950 daAuts
    D:10: 821 daAuts
    D:12: 326 daAuts
  Temple: 24 daAuts
